 Dungeon Crawl Stone Soup version 0.30.1-11-g7821555f0a (webtiles) character file.

Game seed: 7327089312606701602

171473 Gumption the Tortoise (level 17, 0/166 HPs)
             Began as a Minotaur Berserker on Nov 5, 2023.
             Was a High Priest of Trog.
             Slain by a six-headed hydra (12 damage)
             ... on level 4 of the Swamp.
             The game lasted 03:08:26 (28818 turns).

Gumption the Tortoise (Minotaur Berserker)         Turns: 28818, Time: 03:08:27

Health: 0/166      AC: 25    Str: 28    XL:     17   Next: 39%
Magic:  16/16      EV: 14    Int:  6    God:    Trog [*****.]
Gold:   1674       SH: 30    Dex: 16    Spells: 16/16 levels left

rFire   + . .        a - +9 broad axe of the Mind {flame, rC- Dex+6}
rCold   . . .        l - +4 tower shield
rNeg    + . .        J - +2 chain mail {rC+}
rPois   .            s - +2 hat
rElec   .            B - +2 cloak of the Saviour {rN+}
rCorr   .            g - +1 pair of gloves
SInv    .            (no boots)
Will    ++...        q - amulet of reflection Stlth
                     D - ring of willpower
HPRegen 0.47/turn    N - ring of protection from fire
MPRegen 0.15/turn

%: reflection
@: lethally poisoned (0 -> -8), studying Evocations, very slow
A: horns 2, retaliatory headbutt
a: Renounce Religion, Berserk, Trog's Hand, Brothers in Arms


You were on level 4 of the Swamp.
You worshipped Trog.
Trog was extremely pleased with you.
You visited 4 branches of the dungeon, and saw 26 of its levels.
You also visited: Bailey.

You collected 2387 gold pieces.
You spent 713 gold pieces at shops.

Inventory:

Hand Weapons
 a - the +9 broad axe of the Mind (weapon) {flame, rC- Dex+6}
   (You found it on level 14 of the Dungeon)

   Dex:       It affects your dexterity (+6).
   rC:        It makes you vulnerable to cold.
 O - a +3 broad axe of flaming
Missiles
 k - 9 boomerangs (quivered)
 u - 6 silver javelins
 S - 3 silver boomerangs
Armour
 g - a +1 pair of gloves (worn)
 l - a +4 tower shield (worn)
 s - a +2 hat (worn)
 A - the +1 scale mail of the Hurtling Gods {rF++ Will- Regen+ Int+4}
   (You found it in a bailey)

   Int:       It affects your intelligence (+4).
   rF:        It greatly protects you from fire.
   Regen:     It increases your rate of health regeneration.
   Will:      It decreases your willpower.
 B - the +2 cloak of the Saviour (worn) {rN+}
   (You found it in a bailey)

   rN:        It protects you from negative energy.
 J - a +2 chain mail of cold resistance (worn)
 U - a scarf of invisibility
Jewellery
 q - an amulet of reflection (around neck)
 D - a ring of willpower (left hand)
 E - a ring of protection from fire
 G - a ring of see invisible
 N - a ring of protection from fire (right hand)
 T - the amulet of Departure {rC- rN++ Will+ Regen+ Str-2}
   (You bought it in a shop on level 2 of the Orcish Mines)

   [amulet of regeneration]

   Str:       It affects your strength (-2).
   rC:        It makes you vulnerable to cold.
   rN:        It greatly protects you from negative energy.
   Regen:     It increases your rate of health regeneration.
   Will:      It increases your willpower.
 V - a ring of resist corrosion
 X - a ring of protection from cold
Wands
 j - a wand of paralysis (12)
 n - a wand of mindburst (15)
 y - a wand of flame (62)
 K - a wand of quicksilver (36)
 L - a wand of polymorph (14)
 P - a wand of iceblast (10)
 W - a wand of digging (5)
Scrolls
 d - 2 scrolls of butterflies
 h - 7 scrolls of teleportation
 r - 7 scrolls of magic mapping
 t - 5 scrolls of fear
 w - a scroll of enchant armour
 F - a scroll of silence
 H - 3 scrolls of blinking
 Q - a scroll of immolation
 Y - a scroll of enchant weapon
Potions
 b - 7 potions of haste
 c - a potion of ambrosia
 e - 7 potions of curing
 f - 3 potions of heal wounds
 i - 2 potions of resistance
 o - 5 potions of might
 p - 2 potions of cancellation
 v - 2 potions of flight
 x - a potion of magic
 M - 2 potions of invisibility
 R - a potion of berserk rage
Miscellaneous
 m - a phantom mirror
 C - a condenser vane
 I - a phial of floods


   Skills:
 + Level 18.3 Fighting
 - Level 18.0 Axes
 + Level 19.2 Armour
 + Level 10.9 Dodging
 + Level 18.5 Shields
 + Level 8.1 Evocations


You had 16 spell levels left.
You didn't know any spells.
Your spell library was empty.

Dungeon Overview and Level Annotations

Branches:
Dungeon (15/15)            Temple (0/1) D:5            Lair (5/5) D:11
  Swamp (4/4) Lair:2       Spider (0/4) Lair:2        Slime (0/5) Lair:5
    Orc (2/2) D:9             Elf (0/3) Orc:2        Vaults (0/5) D:14
 Depths (0/4) D:15         Bailey (visited)

Altars:
Ashenzari
Dithmenos
Hepliaklqana
Makhleb
Qazlal
Ru
Trog
Yredelemnul

Shops:
D:13 :   D:14 *   Orc:2 *[!=:

Portals:
Trove: D:12 (give 5 scrolls of fear)

Annotations:
D:10 exclusion: obsidian statue
D:11 3 runed translucent doors, Slaatcain's ghost, journeyman DECj


Innate Abilities, Weirdness & Mutations

You have a pair of horns on your head.
You reflexively headbutt those who attack you in melee.


Message History

You feel extremely sick.
The swamp dragon breathes poison at you.
The blast of poison misses you.
A will-o-the-wisp comes into view.
You block the seven-headed hydra's attack. x2
The seven-headed hydra bites you but does no damage. x2
You block the seven-headed hydra's attack.
The seven-headed hydra bites you!
The seven-headed hydra bites you but does no damage.
The will-o-the-wisp gives a chilling moan.
You slice one of the seven-headed hydra's heads off!
The flame cauterises the wound!
You slash the six-headed hydra! You burn the six-headed hydra.
The six-headed hydra is heavily wounded.
You slash the swamp dragon! You burn the swamp dragon.
You kill the swamp dragon!
Trog accepts your kill.
You are engulfed in poison gas.
You are more poisoned.
* * * LOW HITPOINT WARNING * * *
x2 You feel extremely sick.
You hit the six-headed hydra but do no damage.
The six-headed hydra is heavily wounded.
You are engulfed in poison gas.
You are lethally poisoned!
* * * LOW HITPOINT WARNING * * *
x2 You feel extremely sick.
You block the six-headed hydra's attack. x4
The six-headed hydra bites you but does no damage.
The six-headed hydra bites you!
* * * LOW HITPOINT WARNING * * *
You feel better.
You are engulfed in poison gas.
You are poisoned.
* * * LOW HITPOINT WARNING * * *
x2 You feel very sick.
The will-o-the-wisp gestures.
The will-o-the-wisp conjures some foxfire!
You block the six-headed hydra's attack. x2
The six-headed hydra bites you!
You die...

♣.§♣..~.~~~~~~~..
.~ ♣♣...~~~~~~~.~
. ♣♣~.~~~~~~~~~
♣.~..~~~~~~~~
♣♣♣~~§~~~~~~~~~
♣♣~..~○~°~§~~~~§
♣~~.~..○°○~~v~~~
♣~♣♣♣.°~~○☼~§vv~~
~ ♣§♣♣♣@D~~~~~§~
~~~~~~~°.~~~~~~~
.~~~~~~.~~~~~~~~~
...~...~~....~~~.
.♣♣♣..~♣♣♣♣♣♣....
♣♣♣♣ ♣♣♣♣


You could see a six-headed hydra and a will-o-the-wisp.

Vanquished Creatures
  Rupert (D:14)
  A tentacled monstrosity (Swamp:3)
  A thorn hunter (Swamp:4)
  Kirke (D:13)
  6 ghouls
  Louise (D:15)
  7 eleionomae
  2 bunyips
  The ghost of Taoqes the Grappler, a journeyman DrTm of Gozag (Lair:3)
  2 shambling mangroves (Swamp:3)
  An ettin (D:15)
  4 vault guards (D:14)
  Erolcha (D:13)
  16 hydras
  2 ghost crabs (Swamp:1)
  2 catoblepae
  5 boulder beetles
  5 alligators
  5 centaur warriors
  4 two-headed ogres
  16 death yaks
  A deep troll shaman (Lair:5)
  A vampire mage (Swamp:3)
  A tengu warrior (D:15)
  A hell knight (D:15)
  A skyshark (Lair:2)
  16 skeletal warriors
  A deep troll (D:15)
  6 goliath frogs
  Pikel (D:5)
  3 bog bodies
  3 spriggan druids
  6 swamp dragons
  An orc knight (D:15)
  A deep elf pyromancer (D:13)
  A necromancer (D:15)
  10 ugly things
  A cyclops (D:11)
  A cyclops (shapeshifter) (D:10)
  A manticore (D:14)
  2 will-o-the-wisps
  9 orc sorcerers
  8 elephants (Lair:5)
  4 black mambas
  A torpor snail (Lair:4)
  4 gargoyles
  13 cane toads
  2 unseen horrors (D:11)
  Psyche (D:11)
  13 komodo dragons
  2 tengu conjurers
  2 efreet
  A freezing wraith (D:11)
  3 rime drakes
  A yaktaur (D:13)
  7 tyrant leeches
  5 trolls
  A bloated husk (Swamp:3)
  2 polar bears
  3 meliai (D:14)
  8 hornets
  Grinder (D:5)
  17 blink frogs
  3 slime creatures (D:13)
  2 jumping spiders (Lair:2)
  3 culicivoras (Lair:2)
  12 spriggans
  A shadow (D:10)
  3 vampires
  9 wyverns
  A hog (D:13)
  4 basilisks
  40 yaks
  5 humans (D:14)
  2 steam dragons
  2 redbacks (Lair:2)
  5 vampire mosquitoes
  5 acid dragons
  An acid dragon (shapeshifter) (D:13)
  7 wargs
  14 swamp worms
  9 water moccasins
  A swamp drake (shapeshifter) (D:15)
  4 swamp drakes (Swamp:4)
  14 orc warriors
  2 ice beasts
  6 black bears
  A sky beast (D:8)
  17 centaurs
  8 boggarts
  7 ogres
  9 wolves
  A lemure (D:5)
  5 kobold brigands
  Blork the orc (D:4)
  13 bullfrogs
  3 scorpions
  A gnoll sergeant (D:9)
  2 necrophages (Swamp:3)
  10 wights (D:10)
  14 killer bees
  9 vampire bats
  2 electric eels (Lair:2)
  5 howler monkeys
  6 wolf zombies (Bailey)
  4 jellies
  Crazy Yiuf (D:4)
  6 hounds
  2 sleepcaps
  2 gnoll boudas
  13 orc priests
  4 iguanas
  45 orc wizards
  A hell rat (D:11)
  22 adders
  12 gnolls
  2 river rats (D:11)
  2 shadow imps
  A white imp (D:6)
  2 ufetubi
  3 dart slugs
  70 orcs
  6 ball pythons
  13 bats
  8 endoplasms
  A giant cockroach (D:4)
  8 hobgoblins
  7 jackals
  5 quokkas
  5 frilled lizards
  3 goblins
  27 kobolds
  27 orc zombies (Bailey)
  9 rats
831 creatures vanquished.

Vanquished Creatures (collateral kills)
  Roxanne (D:14)
  2 humans (D:14)
3 creatures vanquished.

Vanquished Creatures (others)
  A bloated husk (Swamp:3)
  3 humans
  An orc wizard (Orc:2)
  An orc (Orc:2)
  12 foxfires
18 creatures vanquished.

Grand Total: 852 creatures vanquished

Notes
Turn   | Place    | Note
-------+----------+-------------------------------------------
     0 | D:1      | Gumption the Minotaur Berserker began the quest for the
                  | Orb.
     0 | D:1      | Reached XP level 1. HP: 19/19 MP: 0/0
   139 | D:1      | Reached XP level 2. HP: 18/27 MP: 1/1
   764 | D:2      | Reached skill level 3 in Armour
   764 | D:2      | Reached XP level 3. HP: 32/33 MP: 2/2
   795 | D:2      | Reached ** piety under Trog
  1762 | D:3      | Reached XP level 4. HP: 40/40 MP: 3/3
  1786 | D:3      | Reached skill level 5 in Axes
  2140 | D:3      | Reached skill level 1 in Shields
  2411 | D:4      | Reached XP level 5. HP: 32/47 MP: 4/4
  2429 | D:4      | Reached *** piety under Trog
  2708 | D:4      | Noticed Blork the orc
  2723 | D:4      | Killed Blork the orc
  2724 | D:4      | Reached skill level 4 in Armour
  2724 | D:4      | Reached XP level 6. HP: 54/55 MP: 5/5
  2799 | D:4      | Found a bloodstained altar of Trog.
  2815 | D:4      | Reached skill level 5 in Fighting
  2868 | D:4      | Reached XP level 7. HP: 61/61 MP: 6/6
  2910 | D:4      | Found a runed translucent door.
  2911 | D:4      | Noticed Crazy Yiuf
  3212 | D:4      | Killed Crazy Yiuf
  3279 | D:5      | Entered Level 5 of the Dungeon
  3303 | D:5      | Noticed Pikel
  3316 | D:5      | Killed Pikel
  3317 | D:5      | Reached skill level 5 in Armour
  3317 | D:5      | Reached skill level 5 in Shields
  3317 | D:5      | Reached XP level 8. HP: 70/70 MP: 7/7
  3530 | D:5      | Found a staircase to the Ecumenical Temple.
  3874 | D:5      | Identified the +1 hand axe "Zasoetac" {holy, Drain rElec
                  | Will+ Int+6}
  4102 | D:5      | Reached skill level 6 in Armour
  4152 | D:5      | Found a broken altar of Ashenzari.
  4215 | D:5      | Noticed Grinder
  4222 | D:5      | Killed Grinder
  4223 | D:5      | Reached XP level 9. HP: 78/78 MP: 8/8
  4323 | D:5      | Found a shadowy altar of Dithmenos.
  4581 | D:6      | Found a hazy altar of Hepliaklqana.
  4847 | D:6      | Reached **** piety under Trog
  5138 | D:7      | Found a flagged portal.
  5157 | Bailey   | Entered a bailey
  5393 | Bailey   | Reached skill level 10 in Axes
  5441 | Bailey   | Reached skill level 7 in Armour
  5475 | Bailey   | Identified the amulet of Jiurhule {Acrobat rElec}
  5477 | Bailey   | Identified the +1 scale mail of the Hurtling Gods {rF++
                  | Will- Regen+ Int+4}
  5517 | Bailey   | Noticed a gargoyle
  5526 | Bailey   | Killed a gargoyle
  5579 | Bailey   | Identified the +2 cloak of the Saviour {rN+}
  6110 | D:7      | Reached XP level 10. HP: 85/88 MP: 9/9
  6343 | D:7      | Found a basalt altar of Yredelemnul.
  7075 | D:8      | Noticed a centaur warrior
  7313 | D:8      | Reached skill level 10 in Shields
  7380 | D:8      | Noticed a gargoyle
  7381 | D:8      | Noticed an eight-headed hydra
  7383 | D:8      | Noticed a cyclops
  7384 | D:8      | Noticed a brown ugly thing
  7705 | D:8      | You fall into a shaft and drop 2 floors!
  7705 | D:10     | Entered Level 10 of the Dungeon
  7705 | D:10     | Found a burning altar of Makhleb.
  7738 | D:10     | Reached skill level 8 in Armour
  7926 | D:10     | Noticed a cyan ugly thing
  7954 | D:10     | Killed a cyan ugly thing
  7982 | D:9      | Reached ***** piety under Trog
  8181 | D:9      | Noticed a gargoyle
  8189 | D:9      | Killed a gargoyle
  8190 | D:9      | Noticed a two-headed ogre
  8220 | D:9      | Killed a two-headed ogre
  8221 | D:9      | Reached XP level 11. HP: 78/97 MP: 10/10
  8567 | D:9      | Found a staircase to the Orcish Mines.
  8965 | D:10     | Noticed a centaur warrior
  8972 | D:10     | Killed a centaur warrior
  8973 | D:10     | Reached skill level 9 in Armour
  9109 | D:10     | Found a stormy altar of Qazlal.
  9167 | D:10     | Received a gift from Trog
  9248 | D:10     | Noticed a two-headed ogre
  9280 | D:10     | Killed a two-headed ogre
  9281 | D:10     | Reached skill level 10 in Fighting
  9712 | D:10     | Noticed an obsidian statue
 10182 | D:10     | Noticed a sun demon
 10182 | D:10     | Noticed a sixfirhy
 10479 | D:10     | Identified a scroll of acquirement
 10479 | D:10     | Acquired a manual of Armour
 10656 | D:11     | Reached skill level 10 in Armour
 10742 | D:11     | Reached XP level 12. HP: 107/107 MP: 11/11
 10789 | D:11     | Reached XP level 13. HP: 124/124 MP: 12/12
 10790 | D:11     | Reached XP level 14. HP: 132/132 MP: 13/13
 10921 | D:11     | Found a staircase to the Lair.
 11007 | D:11     | Noticed Psyche
 11014 | D:11     | Killed Psyche
 11249 | D:11     | Reached skill level 11 in Armour
 11401 | D:11     | Found a runed translucent gate.
 11401 | D:11     | Found a runed translucent gate.
 11402 | D:11     | Found a runed translucent gate.
 11408 | D:11     | Noticed Slaatcain's ghost (journeyman DECj)
 11689 | Lair:1   | Entered Level 1 of the Lair of Beasts
 12991 | Lair:2   | Found a hole to the Spider Nest.
 13428 | Lair:2   | Reached skill level 12 in Armour
 13569 | Lair:2   | Found a staircase to the Swamp.
 13574 | Lair:2   | Received a gift from Trog
 14335 | Lair:3   | Found a runed translucent door.
 14341 | Lair:3   | Reached skill level 15 in Shields
 14578 | Lair:3   | Noticed Taoqes's ghost (journeyman DrTm)
 14768 | Lair:3   | Killed Taoqes's ghost
 14910 | Lair:4   | Reached skill level 15 in Fighting
 14969 | Lair:4   | Reached skill level 13 in Armour
 15959 | Lair:5   | Entered Level 5 of the Lair of Beasts
 15979 | Lair:5   | Reached XP level 15. HP: 140/141 MP: 14/14
 16225 | Lair:5   | Identified the +11 hand axe of Pein {antimagic, rF+ rC+}
                  | (Trog gifted it to you on level 5 of the Lair of Beasts)
 16225 | Lair:5   | Received a gift from Trog
 16248 | Lair:5   | Found a staircase to the Slime Pits.
 16268 | Lair:5   | Reached skill level 14 in Armour
 16395 | Lair:5   | Reached skill level 5 in Dodging
 17135 | Lair:5   | Reached skill level 15 in Armour
 17726 | Orc:1    | Entered Level 1 of the Orcish Mines
 18032 | Orc:2    | Entered Level 2 of the Orcish Mines
 18228 | Orc:2    | Found a staircase to the Elven Halls.
 18239 | Orc:2    | Found Rihacu's Assorted Antiques.
 18258 | Orc:2    | Bought 3 scrolls labelled XYSTROYJ UXORO for 96 gold pieces
 18309 | Orc:2    | Received a gift from Trog
 18603 | Orc:2    | Paralysed by an orc sorcerer for 2 turns
 18932 | Orc:2    | Found Pymoh's Distillery.
 18932 | Orc:2    | Found Ficwo's Antique Armour Shoppe.
 19040 | Orc:2    | Found Bohiesos's Book Boutique.
 19040 | Orc:2    | Found Vuchikh's Jewellery Shoppe.
 19256 | Orc:2    | Bought a crude sapphire amulet for 160 gold pieces
 19256 | Orc:2    | Identified the amulet of Departure {rC- rN++ Will+ Regen+
                  | Str-2} (You bought it in a shop on level 2 of the Orcish
                  | Mines)
 19273 | Orc:2    | Bought an embroidered scarf for 224 gold pieces
 19552 | D:12     | Found a portal to a secret trove of treasure.
 19571 | D:12     | Reached skill level 16 in Armour
 19734 | Orc:2    | Bought a scroll of fear for 128 gold pieces
 20689 | D:13     | Found Wyvull's Book Shop.
 20860 | D:13     | Noticed Kirke
 20871 | D:13     | Killed Kirke
 20871 | D:13     | Received a gift from Trog
 20926 | D:13     | Noticed Erolcha
 20935 | D:13     | Killed Erolcha
 21674 | D:14     | Reached XP level 16. HP: 74/152 MP: 15/15
 21690 | D:14     | Reached skill level 17 in Armour
 22362 | D:14     | Identified Roxanne's Compilation of Scree
 22362 | D:14     | Noticed Roxanne
 22434 | D:14     | Acquired a manual of Evocations
 22464 | D:14     | Found Dotaoxoph's General Store.
 22472 | D:14     | Bought a scroll of enchant armour for 105 gold pieces
 22905 | D:14     | Found a gate to the Vaults.
 22912 | D:14     | Reached skill level 1 in Evocations
 22970 | D:14     | Identified the +9 broad axe of the Mind {flame, rC- Dex+6}
 22985 | D:14     | Identified the +9 great sword "Gumption's Peril" {drain,
                  | Stlth+}
 23034 | D:14     | Killed Roxanne
 23392 | D:15     | Entered Level 15 of the Dungeon
 23398 | D:15     | Noticed Rupert
 23413 | D:14     | Killed Rupert
 23456 | D:15     | Noticed Louise
 23474 | D:15     | Killed Louise
 23674 | D:15     | Reached skill level 18 in Armour
 23830 | D:15     | Received a gift from Trog
 24108 | D:15     | Found a staircase to the Depths.
 24172 | D:15     | Found a sacrificial altar of Ru.
 24612 | Swamp:1  | Entered Level 1 of the Swamp
 25066 | Swamp:1  | Reached skill level 5 in Evocations
 25931 | Swamp:2  | Reached skill level 10 in Dodging
 26390 | Swamp:3  | Reached XP level 17. HP: 29/163 MP: 16/16
 27048 | Swamp:3  | Reached skill level 19 in Armour
 27091 | Swamp:3  | Noticed a tentacled monstrosity
 27097 | Swamp:3  | Killed a tentacled monstrosity
 27097 | Swamp:3  | Received a gift from Trog
 27399 | Swamp:4  | Entered Level 4 of the Swamp
 28818 | Swamp:4  | Slain by a six-headed hydra

Illustrated notes

Levels and vault maps discovered:
D:1:      scummos_arrival_forest, layout_basic
D:2:      layout_basic
D:3:      layout_rooms, minivault_24, hangedman_decor_clover_reticule
D:4:      layout_cave_pools, trog_ov_bears_minmay, serial_glass,
          glass_columns_a, glass_columns_c, uniq_blork_the_orc,
          uniq_crazy_yiuf_cottage
D:5:      layout_basic, minmay_temple_entry_junction, hangedman_feature_mirror,
          uniq_grinder, uniq_pikel
D:6:      layout_basic, mainiacjoe_overflow_brackets, serial_glass,
          glass_columns_a, glass_columns_c, glass_columns_b
D:7:      layout_loops_ring, mainiacjoe_overflow_paths, enter_bailey_6
D:8:      minmay_angry_zag, layout_loops_ring, onia_ninara_dug_in_and_dangerous
D:9:      layout_long_grid, orc_0_dummy
D:10:     cheibrodos_fzero, layout_irregular_city,
          nicolae_qazlal_style_of_elements,
          mainiacjoe_overflow_concentric_impassable, minivault_16,
          roderic_batcave
D:11:     layout_irregular_city, dpeg_lair_monsters, gammafunk_ghost_spectres,
          lightli_fourway_metalbox, uniq_psyche
D:12:     layout_loops_ring, enter_trove_3, minmay_misc_feat_four_crosses,
          minmay_increasing_density
D:13:     layout_irregular_city, nicolae_stop_n_shop_1, uniq_erolcha, uniq_kirke
D:14:     layout_basic, ximxim_vaults_locker_room, serial_shops,
          nicolae_diamond_shop, uniq_roxanne
D:15:     hangedman_depths_entry_civil_slaughter, layout_rooms,
          nicolae_ru_great_annihilating_truth, uniq_rupert, uniq_louise
Lair:1:   minmay_lair_venomous_thicket, layout_loops_ring
Lair:2:   statuecave_lemuel, layout_cave_pods,
          nicolae_swamp_entry_splash_gauntlet,
          nicolae_spider_entry_tight_spaces, grunt_megastairs_1,
          lemuel_fruit_tree
Lair:3:   layout_cave_shapes, ebering_ghost_reflecting_pool,
          serial_bayou_shore_a, grunt_megastairs_2, serial_bayou_shore_b,
          lemuel_fruit_fields
Lair:4:   layout_loops_ring, chequers_serial_rivers_small_a
Lair:5:   grunt_lair_end_beastmaster, layout_regular_city,
          dpeg_slime_entry_enclosed
Swamp:1:  layout_basic_swamp, serial_swamp_ruin, evilmike_swamp_ruin_house_2,
          evilmike_swamp_ruin_house_5
Swamp:2:  layout_falls_marsh, nicolae_swamp_trees_clearing
Swamp:3:  layout_falls_marsh, evilmike_swamp_ruin_house_4, hangedman_swamp_pad,
          swamp_pool1, cheibrodos_swamp_pet_leeches
Swamp:4:  swamp, layout_basic_swamp, uniq_aizul
Orc:1:    layout_caves, serial_shops
Orc:2:    st_orc_town, layout_caves, serial_shops, nicolae_shop_window_shopping

Skill      XL: |  1  2  3  4  5  6  7  8  9 10 11 12 13 14 15 16 17 |
---------------+----------------------------------------------------+-----
Axes           | 4 5 6 7 9 10 12 14 16 18 | 18.0
Fighting       | 4 5 6 8 9 10 14 15 16 17 18 | 18.3
Armour         | 3 4 5 6 7 8 10 13 16 18 19 | 19.2
Shields        | 2 3 4 5 7 9 11 13 15 17 18 | 18.5
Dodging        | 4 8 10 | 10.9
Evocations     | 6 8 |  8.1

Action                     |  1- 3 |  4- 6 |  7- 9 | 10-12 | 13-15 | 16-18 || total
---------------------------+-------+-------+-------+-------+-------+-------++-------
  Melee: Hand axe          |    91 |    89 |   459 |   398 |       |       ||  1037
         Headbutt          |    13 |    12 |    75 |   126 |   275 |   171 ||   672
         Punch             |     1 |       |       |       |       |       ||     1
         Broad axe         |       |       |       |   129 |  1048 |   610 ||  1787
  Throw: Javelin           |       |       |       |     6 |       |       ||     6
         Boomerang         |       |       |       |     1 |       |       ||     1
 Invoke: Berserk           |       |     2 |     1 |       |       |       ||     3
         Trog's Hand       |       |     1 |    10 |     4 |    13 |     4 ||    32
         Brothers in Arms  |       |       |       |       |       |     2 ||     2
    Use: Scroll            |       |       |     8 |     7 |    12 |    11 ||    38
         Potion            |       |       |       |     1 |     1 |     2 ||     4
   Stab: Distracted        |       |       |       |       |     1 |       ||     1
         Petrified         |       |       |       |       |    10 |       ||    10
         Paralysed         |       |       |       |       |       |     1 ||     1
 Armour: Animal skin       |     2 |       |       |       |       |       ||     2
         Ring mail         |    24 |    28 |    16 |       |       |       ||    68
         Chain mail        |       |       |   143 |    80 |   218 |   152 ||   593
         Scale mail        |       |       |     9 |    73 |       |       ||    82
  Dodge: Dodged            |    52 |    35 |    74 |    96 |   102 |   120 ||   479
  Block: Tower shield      |     2 |    54 |   395 |   552 |   849 |   661 ||  2513
         Reflection        |       |       |     3 |    20 |    26 |    31 ||    80
